 Dungeon Crawl Stone Soup version 0.29.0-11-gd7f09526c8 (webtiles) character file.

Game seed: 2141336083141036903

113 Arum the Digger (level 5, -6/35 HPs)
             Began as a Formicid Earth Elementalist on Sept 2, 2022.
             Mangled by a gnoll bouda
             ... wielding a +0 whip
              (9 damage)
             ... on level 3 of the Dungeon.
             The game lasted 00:04:07 (1831 turns).

Arum the Digger (Formicid Earth Elementalist)       Turns: 1831, Time: 00:04:08

Health: -6/35      AC:  6    Str: 13    XL:     5   Next: 17%
Magic:  6/10       EV: 12    Int: 16    God:
Gold:   137        SH:  0    Dex: 14    Spells: 7/11 levels left

rFire   . . .      SeeInvis +   (no weapon)
rCold   . . .      Faith    .   (no shield)
rNeg    . . .      Spirit   .   a - +1 robe
rPois   .          Reflect  .   (helmet unavailable)
rElec   .          Harm     .   c - +2 cloak
rCorr   .          Rampage  .   (no gloves)
Will    +....                   (no boots)
Stlth   ++........              s - amulet of magic regeneration
HPRegen 0.11/turn               f - ring of willpower
MPRegen 0.52/turn               (no ring)

@: no status effects
A: permanent stasis, dig shafts and tunnels, antennae 3, four strong arms
a: Dig, Shaft Self


You were on level 3 of the Dungeon.
You visited 1 branch of the dungeon, and saw 3 of its levels.

You collected 137 gold pieces.

Inventory:

Missiles
 d - 2 javelins
 j - a throwing net
Armour
 a - a +1 robe (worn)
 c - a +2 cloak (worn)
Magical Staves
 e - a staff of air
Jewellery
 f - a ring of willpower (left hand)
 s - an amulet of magic regeneration (around neck)
Scrolls
 m - a scroll of identify
 n - a scroll of teleportation
 p - 2 scrolls of amnesia
 r - a scroll of fog {unknown}
 u - a scroll of immolation {unknown}
Potions
 b - a potion of magic
 g - a potion of degeneration {unknown}
 k - 2 potions of curing {unknown}
 t - a potion of attraction {unknown}
 v - a potion of cancellation {unknown}


   Skills:
 - Level 1.7 Dodging
 - Level 2.4 Stealth
 * Level 3.9 Spellcasting
 + Level 1.5 Conjurations
 - Level 1.1 Transmutations
 + Level 4.6 Earth Magic


You had 7 spell levels left.
You knew the following spells:

 Your Spells              Type           Power      Damage    Failure   Level
a - Sandblast             Erth           34%        2d9       2%          1
b - Stone Arrow           Conj/Erth      26%        3d8       14%         3

Your spell library contained the following spells:

 Spells                   Type           Power      Damage    Failure   Level
 Passwall                 Tmut/Erth      10%        N/A       8%          2
 Sting                    Tmut/Pois      16%        1d3       14%         1
 Poisonous Vapours        Pois/Air       6%         N/A       26%         2
 Gell's Gravitas          Tloc           3%         N/A       45%         3
 Teleport Other           Tloc           3%         N/A       45%         3
 Petrify                  Tmut/Erth      12%        N/A       45%         4
 Olgreb's Toxic Radiance  Pois           3%         N/A       86%         4
 Dispersal                Tloc           1%         N/A       100%        6


Dungeon Overview and Level Annotations

Branches:
Dungeon (3/15)

Altars:


Innate Abilities, Weirdness & Mutations

You cannot be hasted, slowed, berserked, paralysed or teleported.
You can dig through walls and to a lower floor.
You have a pair of large antennae on your head. (SInv)
Your four strong arms can wield two-handed weapons with a shield.


Message History

Casting: Sandblast (safe; 2% risk of failure)
Confirm with . or Enter, or press ? or * to list all spells.
Aiming: Sandblast (safe; 2% risk of failure)
Press: ? - help, Shift-Dir - straight line, f/p - gnoll bouda
Aim: a gnoll bouda, wielding a +0 whip and wearing a +0 leather armour (lightly wounded, 84% to hit)
The blast of sand hits the gnoll bouda.
The gnoll bouda is lightly wounded.
The gnoll bouda hits you with a +0 whip.
* * * LOW HITPOINT WARNING * * *
The gnoll bouda hits you with a +0 whip.
* * * LOW HITPOINT WARNING * * *
Unknown command.
Casting: Sandblast (safe; 2% risk of failure)
Confirm with . or Enter, or press ? or * to list all spells.
You don't know that spell.
Casting: Sandblast (safe; 2% risk of failure)
Confirm with . or Enter, or press ? or * to list all spells.
The spell is quite dangerous to miscast (14% risk of failure)!
Continue anyway?
Aiming: Stone Arrow (quite dangerous; 14% risk of failure)
Press: ? - help, Shift-Dir - straight line, f/p - gnoll bouda
Aim: a gnoll bouda, wielding a +0 whip and wearing a +0 leather armour (lightly wounded, 72% to hit)
The stone arrow hits the gnoll bouda.
The gnoll bouda is moderately wounded.
The gnoll bouda hits you but does no damage.
Casting: Stone Arrow (quite dangerous; 14% risk of failure)
Confirm with . or Enter, or press ? or * to list all spells.
Aiming: Sandblast (safe; 2% risk of failure)
Press: ? - help, Shift-Dir - straight line, f/p - gnoll bouda
Aim: a gnoll bouda, wielding a +0 whip and wearing a +0 leather armour (moderately wounded, 84% to hit)
The blast of sand hits the gnoll bouda but does no damage.
The gnoll bouda is moderately wounded.
The gnoll bouda closely misses you.
Casting: Sandblast (safe; 2% risk of failure)
Confirm with . or Enter, or press ? or * to list all spells.
Aiming: Sandblast (safe; 2% risk of failure)
Press: ? - help, Shift-Dir - straight line, f/p - gnoll bouda
Aim: a gnoll bouda, wielding a +0 whip and wearing a +0 leather armour (moderately wounded, 84% to hit)
The blast of sand misses the gnoll bouda.
The gnoll bouda hits you with a +0 whip!
You die...

######## #####
#..<...# #...#
#.####.#
###...### #.# #.#
#.......#######.#
#.#
#.......).g@....#
#.#
#.......#########
#.# ###...### #.#
######...######
..#
........))....#
######...####.#
##.## #.# #.#


You could see a gnoll bouda.

Vanquished Creatures
  3 gnolls (D:3)
  2 adders
  A worm (D:2)
  3 dart slugs
  An orc (D:3)
  8 bats
  4 endoplasms
  3 giant cockroaches
  5 hobgoblins
  5 kobolds
  2 quokkas
  6 ball pythons
  4 frilled lizards
  5 goblins
  5 rats
57 creatures vanquished.

Notes
Turn   | Place    | Note
-------+----------+-------------------------------------------
     0 | D:1      | Arum the Formicid Earth Elementalist began the quest for
                  | the Orb.
     0 | D:1      | Reached XP level 1. HP: 13/13 MP: 3/3
    88 | D:1      | Reached XP level 2. HP: 19/19 MP: 3/5
   615 | D:1      | Reached skill level 4 in Earth Magic
   615 | D:1      | Reached XP level 3. HP: 24/24 MP: 4/7
  1231 | D:2      | Learned a level 3 spell: Stone Arrow
  1254 | D:2      | Reached skill level 1 in Conjurations
  1314 | D:2      | Reached XP level 4. HP: 30/30 MP: 7/9
  1772 | D:3      | Reached XP level 5. HP: 6/35 MP: 6/10
  1831 | D:3      | Mangled by a gnoll bouda

Illustrated notes

Levels and vault maps discovered:
D:1:      beargit_arrival_greenhouse, layout_basic
D:2:      layout_basic
D:3:      layout_loops_ring

Skill      XL: |  1  2  3 |
---------------+----------+-----
Earth Magic    | 4 |  4.6
Spellcasting   | 3 |  3.9
Conjurations   | 1 |  1.5
Dodging        | |  1.7
Stealth        | |  2.4
Transmutations | |  1.1

Action                   |  1- 3 |  4- 6 || total
-------------------------+-------+-------++-------
 Cast: Sandblast         |    49 |    35 ||    84
       Stone Arrow       |       |     3 ||     3
  Use: Scroll            |       |     7 ||     7
Armor: Robe              |     1 |     4 ||     5
Dodge: Dodged            |     4 |    12 ||    16
